 Dungeon Crawl Stone Soup version 0.28-a0-804-g60983d4ba9 (webtiles) character file.

Game seed: 4149901996229513292

12199 vurker the Thaumaturge (level 11, -6/53 HPs)
             Began as a Felid Air Elementalist on Nov 7, 2021.
             Was an Elder of Vehumet.
             Mangled by a wolf spider (9 damage)
             ... on level 2 of the Lair of Beasts.
             The game lasted 00:27:12 (21183 turns).

vurker the Thaumaturge (Felid Air Elementalist)    Turns: 21183, Time: 00:27:12

Health: -6/53      AC:  2    Str:  4    XL:     11   Next: 59%
Magic:  8/27       EV: 17    Int: 23    God:    Vehumet [****..]
Gold:   231        SH:  0    Dex: 18    Spells: 21/33 levels left
                                        Lives:  0   Deaths: 2

rFire   . . .      SeeInvis +   (weapon unavailable)
rCold   + . .      Faith    .   (shield unavailable)
rNeg    . . .      Spirit   .   (armour unavailable)
rPois   +          Reflect  .   (helmet unavailable)
rElec   .          Harm     .   (cloak unavailable)
rCorr   .          Rampage  .   (gloves unavailable)
Will    ++...                   (boots unavailable)
Stlth   ++........              t - amulet of the acrobat
HPRegen 0.17/turn               g - ring of poison resistance
MPRegen 0.20/turn               a - ring "Lutreyro" {rC+ Will+ Int+4}

@: quick
A: very small, claws 1, fangs 3, see invisible, speed 1, shaggy fur 2, stealthy
paws, no weapons or thrown items, no armour, multi-lived
a: Renounce Religion


You were on level 2 of the Lair of Beasts.
You worshipped Vehumet.
Vehumet was greatly pleased with you.
You visited 3 branches of the dungeon, and saw 14 of its levels.
You also visited: Sewer.

You collected 843 gold pieces.
You spent 612 gold pieces at shops.

Inventory:

Jewellery
 a - the ring "Lutreyro" (right paw) {rC+ Will+ Int+4}
   (You acquired it on level 4 of the Dungeon)

   [ring of protection from cold]

   Int:       It affects your intelligence (+4).
   rC:        It protects you from cold.
   Will:      It increases your willpower.
 f - a +4 ring of protection
   (You took it off an orc on level 4 of the Dungeon)
 g - a ring of poison resistance (left paw)
   (You found it on level 1 of the Dungeon)
 o - a ring of resist corrosion
   (You found it on level 5 of the Dungeon)
 t - an amulet of the acrobat (around neck)
   (You found it on level 7 of the Dungeon)
 y - a ring of wizardry
   (You found it on level 10 of the Dungeon)
 C - a ring of protection from fire
   (You found it on level 1 of the Lair of Beasts)
Wands
 d - a wand of iceblast (6)
   (You found it on level 4 of the Dungeon)
 s - a wand of polymorph (10)
   (You found it on level 6 of the Dungeon)
 u - a wand of paralysis (7)
   (You found it on level 9 of the Dungeon)
 v - a wand of digging (5)
   (You found it on level 1 of the Lair of Beasts)
 x - a wand of acid (19)
   (You found it on level 2 of the Dungeon)
Scrolls
 j - 7 scrolls of teleportation
 l - 2 scrolls of fog
 A - a scroll of immolation
Potions
 b - 2 potions of heal wounds
 c - 5 potions of brilliance
 e - a potion of invisibility
 h - a potion of berserk rage {unknown}
 i - 2 potions of cancellation
 k - 2 potions of attraction
 n - 6 potions of curing
 p - 6 potions of ambrosia
 q - 4 potions of flight
 r - a potion of mutation
 w - a potion of resistance {unknown}
 z - 2 potions of lignification
 B - a potion of haste {unknown}


   Skills:
 + Level 9.0 Fighting
 - Level 2.6 Dodging
 - Level 2.6 Stealth
 * Level 11.9 Spellcasting
 - Level 3.0 Conjurations
 * Level 6.0 Ice Magic
 + Level 11.2 Air Magic


You had 21 spell levels left.
You knew the following spells:

 Your Spells              Type           Power      Damage    Failure   Level
a - Shock                 Conj/Air       100%       1d9       1%          1
b - Ozocubu's Refrigerat  Ice            20%        4d9       58%         7
c - Airstrike             Air            30%        N/A       1%          4

Your spell library contained the following spells:

 Spells                   Type           Power      Damage    Failure   Level
 Iron Shot                Conj/Erth      10%        9d3       65%         6
 Static Discharge         Conj/Air       46%        N/A       1%          2
 Swiftness                Air            60%        N/A       1%          3
 Conjure Flame            Conj/Fire      20%        6-21      2%          3
 Dazzling Flash           Conj/Hex       40%        N/A       2%          3
 Sting                    Tmut/Pois      52%        1d5       4%          1
 Sublimation of Blood     Necr           13%        N/A       7%          2
 Sticky Flame             Conj/Fire      20%        2d4       7%          4
 Summon Ice Beast         Ice/Summ       27%        N/A       13%         4
 Silence                  Hex/Air        19%        N/A       13%         5
 Gell's Gravitas          Tloc           13%        N/A       14%         3
 Teleport Other           Tloc           13%        N/A       14%         3
 Irradiate                Conj/Tmut      10%        3d16      17%         5
 Dispel Undead            Necr           13%        3d9       43%         4
 Petrify                  Tmut/Erth      13%        N/A       43%         4
 Agony                    Necr           13%        N/A       78%         5
 Summon Forest            Summ/Tloc      6%         N/A       78%         5
 Summon Mana Viper        Hex/Summ       13%        N/A       78%         5
 Dispersal                Tloc           6%         N/A       100%        6
 Summon Cactus Giant      Summ           6%         N/A       100%        6
 Death's Door             Necr           6%         N/A       100%        9


Dungeon Overview and Level Annotations

Branches:
Dungeon (11/15)            Temple (1/1) D:4            Lair (2/6) D:9
  Sewer (visited)
  Swamp: Lair:2-4    Shoals: Lair:2-4     Snake: Lair:2-4    Spider: Lair:2-4
    Orc: D:9-12

Altars:
Ashenzari
Cheibriados
Dithmenos
Elyvilon
Fedhas
Gozag
Hepliaklqana
Kikubaaqudgha
Nemelex Xobeh
Okawaru
Qazlal
Ru
Sif Muna
Trog
Uskayaw
Vehumet
Xom
Yredelemnul
Zin
The Shining One

Shops:
D:1 *   D:6 :   D:7 (*!*[   D:10 (

Annotations:
D:11 exclusion: door


Innate Abilities, Weirdness & Mutations

You have sharp claws.
You have razor-sharp teeth.
You have supernaturally acute eyesight. (SInv)
You cover ground quickly. (Speed+)
You are covered in thick fur. (AC +2)
Your paws help you pounce on unaware monsters.
You are incapable of wielding weapons or throwing items.
You cannot wear armour.
You gain extra lives every three experience levels.


Message History

Aim: a yak (severely wounded, empty space bonus: 6/8)
The air twists around and strikes the yak!
You kill the yak!
Vehumet accepts your kill.
You feel your power returning.
Your Ice Magic skill increases to level 6!
Done exploring.
You see here a yak corpse.
There is a stone staircase leading down here.
You climb downwards.
There is a stone staircase leading up here.
There is an open door, spattered with blood here.
Found a scroll of identify.
A wolf spider and a jumping spider come into view.
Aim: a jumping spider (asleep, empty space bonus: 1/8)
The air twists around and strikes the jumping spider!
A redback comes into view.
Aim: a jumping spider (moderately wounded, empty space bonus: 3/8)
The air twists around and strikes the jumping spider!
The wolf spider hisses angrily.
The jumping spider leaps!
The jumping spider misses you.
The jumping spider completely misses you.
Aim: a jumping spider (heavily wounded, empty space bonus: 5/8)
The air twists around and strikes the jumping spider!
The jumping spider barely misses you. The jumping spider bites you.
Aim: a jumping spider (almost dead, empty space bonus: 5/8)
The air twists around and strikes the jumping spider!
You kill the jumping spider!
Vehumet accepts your kill.
You feel your power returning.
Aim: a redback (empty space bonus: 6/8)
The air twists around and strikes the redback!
Aim: a redback (heavily wounded, empty space bonus: 5/8)
The air twists around and strikes the redback!!
You kill the redback!
Vehumet accepts your kill.
You feel your power returning.
Your Fighting skill increases to level 9!
Aim: a wolf spider (chance to affect: 46%)
The wolf spider resists with some effort.
The wolf spider hits you!! The wolf spider bites you.
* * * LOW HITPOINT WARNING * * *
Aim: a wolf spider (chance to affect: 46%)
The wolf spider resists with some effort.
The wolf spider barely misses you. The wolf spider bites you.
* * * LOW HITPOINT WARNING * * *
The wolf spider hits you!
* * * LOW HITPOINT WARNING * * *
The wolf spider bites you!
You die...

#.#.P..###.....####
##.............P#...
#.....?....#........
#.#.......######...
#........##. #...
#.#....###.. #...
#......# ^^. #...
##.#...##s^.. ##.#
#P.@..##^^..^ #.#.
##s####.....# ....
#....?†.^# ...
#......### #.....##
#.....# #...##...
##... ...# #.#.
.....


You could see a wolf spider.

Vanquished Creatures
  2 two-headed ogres
  A wizard (D:9)
  Pikel (D:4)
  An ugly thing (D:9)
  A manticore (D:9)
  4 elephants (Lair:2)
  5 cane toads
  A gargoyle (D:9)
  2 rime drakes
  3 komodo dragons
  4 trolls
  A jumping spider (Lair:2)
  A queen bee (Lair:1)
  A hornet (D:7)
  Prince Ribbit (D:7)
  4 blink frogs (Lair:2)
  A redback (Lair:2)
  A shadow (D:10)
  A wyvern (D:11)
  17 yaks
  5 steam dragons
  Edmund (D:6)
  An acid dragon (D:9)
  2 water moccasins
  An ice beast (D:5)
  7 orc warriors
  A necrophage (D:6)
  An ogre (D:2)
  4 wolves
  4 centaurs
  A phantom (D:7)
  3 lemures (D:5)
  A kobold brigand (D:8)
  9 bullfrogs
  2 wyvern zombies
  A water moccasin zombie (D:6)
  4 scorpions
  A wyvern skeleton (D:7)
  5 wights (D:9)
  7 howler monkeys
  35 killer bees
  A bullfrog zombie (D:6)
  4 centaur zombies
  2 centaur skeletons
  12 orc priests
  A bullfrog skeleton (D:7)
  A jelly (D:6)
  5 hounds
  3 iguanas
  11 orc wizards
  2 killer bee zombies (D:8)
  A hound skeleton (D:4)
  2 howler monkey zombies (D:9)
  13 gnolls
  5 adders
  A white imp (D:7)
  11 worms
  2 dart slugs (D:5)
  48 orcs
  8 ball pythons
  9 bats
  8 endoplasms
  6 giant cockroaches
  9 goblins
  9 hobgoblins
  8 jackals
  8 quokkas
  12 frilled lizards
  8 kobolds
  3 rats
362 creatures vanquished.

Vanquished Creatures (others)
  47 bushes (Lair:2)
  17 fungi
  15 plants
79 creatures vanquished.

Grand Total: 441 creatures vanquished

Notes
Turn   | Place    | Note
-------+----------+-------------------------------------------
     0 | D:1      | vurker the Felid Air Elementalist began the quest for the
                  | Orb.
     0 | D:1      | Reached XP level 1. HP: 7/7 MP: 4/4
   125 | D:1      | Reached skill level 1 in Conjurations
   254 | D:1      | Reached XP level 2. HP: 12/12 MP: 1/6
   894 | D:1      | Found Potyfe's Assorted Antiques.
  1125 | D:2      | Reached XP level 3. HP: 15/15 MP: 0/7
  1322 | D:2      | Reached skill level 1 in Fighting
  1384 | D:2      | Noticed an ogre
  2174 | D:2      | Killed an ogre
  2175 | D:2      | Reached XP level 4. HP: 19/19 MP: 2/9
  2175 | D:2      | Reached XP level 5. HP: 22/22 MP: 2/10
  2490 | D:3      | Learned a level 4 spell: Airstrike
  3015 | D:3      | Noticed a water moccasin
  3063 | D:3      | Found a faded altar of an unknown god.
  3068 | D:3      | Got Plato's Grimoire of Envenoming
  3161 | D:3      | Killed a water moccasin
  3162 | D:3      | Gained mutation: You are covered in thick fur. (AC +2)
                  | [Felid growth]
  3162 | D:3      | Reached XP level 6. HP: 21/26 MP: 2/12
  3269 | D:3      | You fall into a shaft and drop 2 floors!
  3269 | D:5      | Entered Level 5 of the Dungeon
  3269 | D:5      | Noticed Pikel
  3275 | D:5      | Found a glowing drain.
  3290 | Sewer    | Entered a sewer
  4261 | D:5      | Identified the +3 whip of Kismet {elec, Str+5 Dex-2}
  4492 | D:4      | Found a staircase to the Ecumenical Temple.
  4497 | Temple   | Entered the Ecumenical Temple
  4524 | Temple   | Became a worshipper of Vehumet
  4840 | D:3      | Found a blossoming altar of Fedhas.
  4840 | D:3      | Found an ancient bone altar of Kikubaaqudgha.
  4865 | D:4      | Identified a scroll of acquirement
  4865 | D:4      | Acquired the ring "Lutreyro" {rC+ Will+ Int+4}
  4958 | D:4      | Reached XP level 7. HP: 22/30 MP: 11/14
  5139 | D:4      | Reached skill level 5 in Air Magic
  5507 | D:4      | Found a glowing silver altar of Zin.
  5593 | D:4      | Reached * piety under Vehumet
  5593 | D:4      | Offered knowledge of Sandblast by Vehumet.
  5697 | D:4      | Reached skill level 5 in Spellcasting
  6071 | D:4      | Reached XP level 8. HP: 34/34 MP: 12/16
  6724 | D:4      | Killed Pikel
  7192 | D:6      | Found a white marble altar of Elyvilon.
  7192 | D:6      | Found a snail-covered altar of Cheibriados.
  7194 | D:6      | Noticed Edmund
  7218 | D:6      | Killed Edmund
  7356 | D:6      | Reached XP level 9. HP: 39/39 MP: 9/20
  7574 | D:6      | Found a shimmering blue altar of Sif Muna.
  7664 | D:6      | Found Ymia's Book Emporium.
  7762 | D:6      | Reached ** piety under Vehumet
  7762 | D:6      | Offered knowledge of Poisonous Vapours by Vehumet.
  7763 | D:6      | Reached skill level 5 in Fighting
  8767 | D:7      | Found Dagothrege's Distillery.
  8776 | D:7      | Bought 2 potions of curing for 72 gold pieces
  8795 | D:7      | Noticed Prince Ribbit
  8799 | D:7      | Killed Prince Ribbit
  9177 | D:7      | Found Zewebb's Antique Weapon Shoppe.
  9188 | D:7      | Found Giokh's General Store.
  9502 | D:7      | Offered knowledge of Searing Ray by Vehumet.
  9578 | D:7      | Found Efecec's Antique Armour Boutique.
  9719 | D:7      | Found Peug's General Store.
  9882 | D:8      | Reached XP level 10. HP: 45/45 MP: 21/23
 10472 | D:8      | Reached *** piety under Vehumet
 10786 | D:8      | Noticed a two-headed ogre
 10828 | D:8      | Killed a two-headed ogre
 11890 | D:9      | Found a stormy altar of Qazlal.
 12011 | D:9      | Noticed a manticore
 12061 | D:9      | Found a sacrificial altar of Ru.
 12193 | D:9      | Offered knowledge of Conjure Flame by Vehumet.
 12382 | D:9      | Noticed a brown ugly thing
 12392 | D:9      | Noticed a gargoyle
 12398 | D:9      | Killed a manticore
 12579 | D:9      | Found a staircase to the Lair.
 12794 | D:9      | Killed a brown ugly thing
 12795 | D:9      | Reached skill level 10 in Air Magic
 13050 | D:9      | Killed a gargoyle
 13175 | D:9      | Noticed a wizard
 13236 | D:9      | Killed a wizard
 13237 | D:9      | Reached skill level 10 in Spellcasting
 13237 | D:9      | Reached XP level 11. HP: 50/50 MP: 12/26
 13445 | D:9      | Identified the +0 ring mail of Lies {Will- MP+9 Str+7}
 13656 | D:10     | Entered Level 10 of the Dungeon
 13814 | D:10     | Found a bloodstained altar of Trog.
 14225 | D:10     | Found a shimmering altar of Xom.
 14225 | D:10     | Found a basalt altar of Yredelemnul.
 14226 | D:10     | Found a hazy altar of Hepliaklqana.
 14481 | D:10     | Found Kusuq's Antique Weapon Emporium.
 14624 | D:10     | Found an iron altar of Okawaru.
 14704 | D:10     | Noticed a two-headed ogre
 14787 | D:6      | Bought the Collected Works on the Shifting Snowflakes for
                  | 540 gold pieces
 14795 | D:6      | Learned a level 7 spell: Ozocubu's Refrigeration
 14940 | D:10     | Killed a two-headed ogre
 14941 | D:10     | Reached skill level 1 in Ice Magic
 15264 | D:11     | Reached **** piety under Vehumet
 15852 | D:11     | Noticed a centaur warrior
 15859 | D:11     | Shot with an arrow by a centaur
 15860 | D:11     | Reached XP level 10. HP: 0/48 MP: 16/25
 15992 | D:11     | Shot with an arrow by a centaur warrior
 15993 | D:11     | Reached XP level 9. HP: -6/44 MP: 13/24
 16255 | Lair:1   | Entered Level 1 of the Lair of Beasts
 16493 | D:9      | Offered knowledge of Frozen Ramparts by Vehumet.
 17003 | Lair:1   | Noticed a komodo dragon
 17004 | Lair:1   | Noticed a komodo dragon
 17007 | Lair:1   | Killed a komodo dragon
 17008 | Lair:1   | Reached XP level 10. HP: 48/48 MP: 10/25
 17184 | Lair:1   | Noticed a cane toad
 17189 | Lair:1   | Killed a cane toad
 17313 | Lair:1   | Found a glowing golden altar of the Shining One.
 17696 | Lair:1   | Noticed a cane toad
 17700 | Lair:1   | Killed a cane toad
 17937 | Lair:1   | Noticed a cane toad
 17940 | Lair:1   | Killed a cane toad
 18376 | Lair:2   | Noticed a cane toad
 18379 | Lair:2   | Killed a cane toad
 18502 | Lair:1   | Reached ***** piety under Vehumet
 18820 | Lair:2   | Reached XP level 11. HP: 52/52 MP: 14/27
 18935 | Lair:2   | Reached skill level 5 in Ice Magic
 18994 | Lair:2   | Offered knowledge of Iron Shot by Vehumet.
 19293 | Lair:2   | Got the Handbook of Evil and Fire
 20634 | Lair:2   | Noticed a five-headed hydra
 21171 | Lair:2   | Noticed a wolf spider
 21183 | Lair:2   | Mangled by a wolf spider

Illustrated notes

Levels and vault maps discovered:
D:1:      nagdon_arrival_zigzag_paths, layout_loops_ring, serial_shops, shop,
          chequers_mini_garden
D:2:      layout_basic, minmay_surrounded
D:3:      layout_basic, grunt_temple_overflow_growth_and_decay,
          shapermc_ecumenical_altar_rom_forum
D:4:      layout_gridville, zin_statuary, minmay_temple_entry_arrows
D:5:      layout_rooms, portal_sewer_entry_f, uniq_pikel
D:6:      layout_loops_ring, mainiacjoe_overflow_large_starburst,
          amcnicky_altar_gilded, serial_shops, shop,
          chequers_serial_rivers_micro_d, uniq_edmund
D:7:      layout_loops_ring, serial_shops, shop, shop, shop, nicolae_shop_trees,
          nicolae_shop_stone, uniq_prince_ribbit1
D:8:      layout_loops_ring
D:9:      layout_long_grid, nicolae_overflow_crystal_walls,
          nicolae_ru_great_annihilating_truth, lair_entry_dummy,
          minmay_diamond_spiral
D:10:     layout_basic, mainiacjoe_overflow_tiny_flanked,
          grunt_temple_overflow_open, lemuel_crystal_altar, serial_shops, shop
D:11:     layout_irregular_city
Temple:   chequers_temple_sunken
Lair:1:   layout_small_grid, basic_altar, special_room [special_room_bee]
Lair:2:   layout_regular_city, spider_nest_entry_funnel_web, minmay_hedge_maze

Skill      XL: |  1  2  3  4  5  6  7  8  9 10 11 |
---------------+----------------------------------+-----
Conjurations   | 1 2 3 |  3.0
Air Magic      | 3 4 5 7 8 11 | 11.2
Fighting       | 1 2 3 4 8 7 9 |  9.0
Spellcasting   | 3 4 5 6 8 11 | 11.9
Ice Magic      | 3 4 6 |  6.0
Dodging        | |  2.6
Stealth        | |  2.6

Action                   |  1- 3 |  4- 6 |  7- 9 | 10-12 || total
-------------------------+-------+-------+-------+-------++-------
Melee: Unarmed           |    14 |     7 |     6 |       ||    27
       Bite              |     2 |     1 |       |       ||     3
 Cast: Shock             |    92 |   151 |   321 |    71 ||   635
       Airstrike         |       |       |    61 |   278 ||   339
Evoke: Wand              |       |       |       |    16 ||    16
  Use: Scroll            |       |    14 |     2 |     8 ||    24
       Potion            |       |     1 |       |     1 ||     2
Armor: Skin              |     2 |    11 |    11 |     7 ||    31
Dodge: Dodged            |    23 |    73 |    98 |    95 ||   289

Table legend: (Time is in decaauts)
 A = Elapsed time spent in this place.
 B = Non-inter-level travel time spent in this place.
 C = Inter-level travel time spent in this place.
 D = Time resting spent in this place.
 E = Time spent auto-exploring this place.
 F = Levels seen in this place.
 G = Mean time per level.
                   A        B        C        D        E       F      G
               +--------+--------+--------+--------+--------+-----+--------+
         Total |  19516 |  18920 |    596 |   1503 |  14831 |  15 | 1301.1 |
       Dungeon |  14357 |  13854 |    503 |    655 |  11380 |  11 | 1305.2 |
        Temple |     38 |     25 |     13 |      0 |     16 |   1 |   38.0 |
          Lair |   4223 |   4144 |     79 |    848 |   2740 |   2 | 2111.5 |
         Sewer |    897 |    897 |      0 |      0 |    693 |   1 |  897.0 |
               +--------+--------+--------+--------+--------+-----+--------+

Top non-repeatable levels by time:
  Lair:1: 2842 daAuts
     D:9: 2400 daAuts
     D:7: 1614 daAuts
     D:8: 1451 daAuts
  Lair:2: 1380 daAuts
     D:4: 1343 daAuts
     D:2: 1341 daAuts
     D:3: 1304 daAuts
    D:10: 1288 daAuts
     D:6: 1039 daAuts
   Sewer: 897 daAuts
    D:11: 884 daAuts
     D:1: 859 daAuts
     D:5: 828 daAuts
  Temple: 38 daAuts
